 Dungeon Crawl Stone Soup version 0.30-a0-4-ga7cffc901d (webtiles) character file.

Game seed: 14649679107855289822

1055 voltaire321 the Digger (level 8, -4/54 HPs)
             Began as an Octopode Earth Elementalist on Aug 20, 2022.
             Was an Initiate of Vehumet.
             Slain by a kobold brigand
             ... wielding a +0 short sword
              (8 damage)
             ... on level 5 of the Dungeon.
             The game lasted 00:12:45 (4988 turns).

voltaire321 the Digger (OpEE)                       Turns: 4988, Time: 00:12:46

Health: -4/54      AC:  1    Str:  8    XL:     8   Next: 26%
Magic:  0/14       EV: 14    Int: 19    God:    Vehumet [......]
Gold:   171        SH:  0    Dex: 12    Spells: 9/15 levels left

rFire   . . .      SeeInvis .    f - +2 dagger (freeze)
rCold   . . .      Faith    .    (no shield)
rNeg    . . .      Spirit   .    (helmet restricted)
rPois   .          Reflect  .    (no amulet)
rElec   .          Harm     .    (no ring)
rCorr   .          Rampage  .    (no ring)
Will    .....                    (no ring)
Stlth   +++.......               (no ring)
HPRegen 0.18/turn                (no ring)
MPRegen 0.14/turn                (no ring)
                                 (no ring)
                                 (no ring)

@: slowed, very slow
A: almost no armour, amphibious, 8 rings, camouflage 1, gelatinous body 1,
(nimble swimmer 1), tentacles
a: Renounce Religion


You were on level 5 of the Dungeon.
You worshipped Vehumet.
Vehumet was noncommittal.
You visited 2 branches of the dungeon, and saw 6 of its levels.

You collected 171 gold pieces.

Inventory:

Hand Weapons
 b - a +0 dire flail of venom
 f - a +2 dagger of freezing (weapon)
 i - a +0 rapier
Missiles
 d - 4 datura-tipped darts
 k - 10 poisoned darts
Jewellery
 l - a ring of positive energy
Wands
 c - a wand of mindburst (16)
Scrolls
 n - a scroll of identify
Potions
 a - a potion of magic
 e - 3 potions of resistance
 g - a potion of brilliance
 h - a potion of flight
 j - a potion of lignification
 p - a potion of mutation {unknown}


   Skills:
 + Level 3.9 Fighting
 + Level 4.5 Dodging
 - Level 2.6 Stealth
 + Level 4.2 Spellcasting
 + Level 3.6 Conjurations
 - Level 2.0 Transmutations
 + Level 5.0 Earth Magic


You had 9 spell levels left.
You knew the following spells:

 Your Spells              Type           Power      Damage    Failure   Level
a - Sandblast             Erth           46%        2d11      1%          1
b - Passwall              Tmut/Erth      14%        N/A       4%          2
c - Stone Arrow           Conj/Erth      40%        3d9       7%          3

Your spell library contained the following spells:

 Spells                   Type           Power      Damage    Failure   Level
 Shock                    Conj/Air       40%        1d5       6%          1
 Necrotise                Necr           12%        1d4       14%         1
 Petrify                  Tmut/Erth      17%        N/A       30%         4
 Swiftness                Air            3%         N/A       38%         3
 Vampiric Draining        Necr           3%         2d6       38%         3
 Lee's Rapid Deconstruct  Erth           11%        3d9*      43%         5
 Fulminant Prism          Conj/Hex       5%         3d7       54%         4
 Iskenderun's Mystic Bla  Conj/Tloc      10%        2d4       54%         4
 Airstrike                Air            1%         2d(1-17)  80%         4
 Passage of Golubria      Tloc           3%         N/A       80%         4
 Agony                    Necr           3%         N/A       98%         5
 Silence                  Hex/Air        1%         N/A       98%         5
 Lehudib's Crystal Spear  Conj/Erth      10%        10d4      100%        8


Dungeon Overview and Level Annotations

Branches:
Dungeon (5/15)             Temple (1/1) D:5

Altars:
Cheibriados
Dithmenos
Fedhas
Gozag
Hepliaklqana
Kikubaaqudgha
Makhleb
Nemelex Xobeh
Okawaru
Qazlal
Ru
Uskayaw
Vehumet
Wu Jian
Xom
Yredelemnul
Zin
The Shining One

Shops:
D:4 !

Annotations:
D:2 Sigmund


Innate Abilities, Weirdness & Mutations

You cannot wear most types of armour.
You are amphibious.
You can wear up to eight rings at the same time.
Your skin changes colour to match your surroundings (Stealth+).
Your rubbery body absorbs attacks. (AC +1, EV +1)
((You are camouflaged when in or above water. (Stealth+)))
You have tentacles for arms and can constrict up to eight enemies at once.


Message History

The kobold brigand hits you with a +0 dagger.
* * * LOW HITPOINT WARNING * * *
Casting: Stone Arrow (dangerous; 7% risk of failure)
Confirm with . or Enter, or press ? or * to list all spells.
Aiming: Stone Arrow (dangerous; 7% risk of failure)
Press: ? - help, Shift-Dir - straight line, f/p - kobold brigand
Aim: a kobold brigand, wielding a +0 dagger and quivering poisoned darts (heavily wounded, 64% to hit)
The stone arrow hits the kobold brigand!
The kobold brigand is almost dead.
The kobold brigand hits you with a +0 dagger!
* * * LOW HITPOINT WARNING * * *
The kobold brigand hits you with a +0 dagger.
* * * LOW HITPOINT WARNING * * *
Casting: Stone Arrow (dangerous; 7% risk of failure)
Confirm with . or Enter, or press ? or * to list all spells.
You don't have enough magic to cast this spell.
Casting: Stone Arrow (dangerous; 7% risk of failure)
Confirm with . or Enter, or press ? or * to list all spells.
Aiming: Sandblast (safe; 1% risk of failure)
Press: ? - help, Shift-Dir - straight line, f/p - kobold brigand
Aim: a kobold brigand, wielding a +0 dagger and quivering poisoned darts (almost dead, 79% to hit)
The blast of sand hits the kobold brigand!
You kill the kobold brigand!
Vehumet accepts your kill. The kobold brigand misses you.
Okay, then.
The air fills with toxic fumes!
As you read the scroll labelled ECRUUF EDUWN, it crumbles to dust.
It was a scroll of poison.
The kobold brigand closely misses you.
Really wriggle into that cloud of poison gas?
Okay, then.
Okay, then.
Casting: Sandblast (safe; 1% risk of failure)
Confirm with . or Enter, or press ? or * to list all spells.
Aiming: Passwall (safe; 4% risk of failure)
Press: ? - help, Dir - move target A rock wall.
This rock feels extremely deep.
The kobold brigand hits you with a +0 short sword!
You die...

#..).)#.##.................
#....##.##.....####....###
#.......##.... ##...##
##.###888#### ##.....##
#.##8...8# #.>.....#
#..#8.>.8# ##.....##
##.#8..§8##### ##...##
#.##8.8#§§§§######§##
##.#...#####KK@§§§§§#
##....##### #K########
#.........###.#
##....###....K# ### ##.#.#
#####.# ### .... ###.# #K##
#.##.....
#.#######.K###K'.....[
#.............K'.....!
##############K'......


You could see 2 kobold brigands and a kobold.

Vanquished Creatures
  Eustachio (D:5)
  2 ice beasts (D:5)
  2 kobold brigands (D:5)
  A bullfrog (D:4)
  A necrophage (D:4)
  2 scorpions (D:4)
  A hound (D:5)
  2 jellies (D:4)
  An orc priest (D:4)
  Crazy Yiuf (D:5)
  3 iguanas
  An orc wizard (D:4)
  A gnoll (D:1)
  3 adders
  A worm (D:2)
  3 dart slugs
  3 orcs (D:4)
  3 endoplasms
  2 giant cockroaches (D:1)
  6 goblins
  9 hobgoblins
  2 jackals (D:1)
  3 quokkas
  7 ball pythons
  4 bats
  4 frilled lizards
  3 kobolds (D:2)
72 creatures vanquished.

Vanquished Creatures (others)
  6 toadstools (D:5)
6 creatures vanquished.

Grand Total: 78 creatures vanquished

Notes
Turn   | Place    | Note
-------+----------+-------------------------------------------
     0 | D:1      | voltaire321 the Octopode Earth Elementalist began the quest
                  | for the Orb.
     0 | D:1      | Reached XP level 1. HP: 11/11 MP: 3/3
    41 | D:1      | Reached XP level 2. HP: 8/18 MP: 1/5
   298 | D:1      | Learned a level 2 spell: Passwall
   316 | D:1      | Reached XP level 3. HP: 22/22 MP: 6/6
   331 | D:1      | Reached skill level 1 in Fighting
  1043 | D:2      | Found a faded altar of an unknown god.
  1161 | D:2      | Found an ornate altar of the Wu Jian Council.
  1251 | D:2      | Noticed Sigmund
  1289 | D:2      | Learned a level 3 spell: Stone Arrow
  1518 | D:3      | You fall into a shaft and drop 2 floors!
  1518 | D:5      | Entered Level 5 of the Dungeon
  1721 | D:3      | Reached XP level 4. HP: 28/28 MP: 7/7
  2609 | D:4      | Noticed a necrophage
  2661 | D:4      | Killed a necrophage
  2662 | D:4      | Reached skill level 1 in Conjurations
  2662 | D:4      | Reached XP level 5. HP: 24/34 MP: 6/9
  2769 | D:4      | Found Wirchag's Distillery.
  2778 | D:4      | Reached XP level 6. HP: 39/39 MP: 10/10
  2934 | D:4      | Reached skill level 4 in Earth Magic
  2956 | D:4      | Found an opulent altar of Gozag.
  3117 | D:4      | Reached XP level 7. HP: 41/45 MP: 8/12
  3495 | D:5      | HP: 2/45 [ice beast (13)]
  3986 | D:5      | Noticed Eustachio
  4224 | D:5      | Killed Eustachio
  4439 | D:5      | Reached XP level 8. HP: 25/53 MP: 6/13
  4738 | D:5      | Found a staircase to the Ecumenical Temple.
  4784 | Temple   | Entered the Ecumenical Temple
  4794 | Temple   | Became a worshipper of Vehumet
  4872 | D:5      | Found a runed translucent door.
  4873 | D:5      | Noticed Crazy Yiuf
  4878 | D:5      | Killed Crazy Yiuf
  4976 | D:5      | Reached skill level 5 in Earth Magic
  4988 | D:5      | Slain by a kobold brigand

Illustrated notes

Levels and vault maps discovered:
D:1:      evilmike_arrival_crescent, layout_rooms
D:2:      layout_rooms, basic_altar, dreamdust_ecumenical_altar_statues,
          minmay_crystal_room, uniq_sigmund
D:3:      layout_basic
D:4:      layout_rooms, lemuel_crystal_altar, serial_shops,
          nicolae_lakefront_shop
D:5:      cheibrodos_fertilizer, layout_loops_cross,
          minmay_temple_entry_statues, minmay_divided_ellipse, uniq_eustachio,
          uniq_crazy_yiuf_cottage
Temple:   sentei_temple_godly_chess

Skill      XL: |  1  2  3  4  5  6  7  8 |
---------------+-------------------------+-----
Fighting       | 1 2 3 |  3.9
Conjurations   | 1 2 3 |  3.6
Transmutations | 2 |  2.0
Dodging        | 3 4 |  4.5
Spellcasting   | 3 4 |  4.2
Earth Magic    | 4 5 |  5.0
Stealth        | |  2.6

Action                   |  1- 3 |  4- 6 |  7- 9 || total
-------------------------+-------+-------+-------++-------
Melee: Dire flail        |    58 |    22 |     7 ||    87
       Constrict         |    14 |     4 |     2 ||    20
       Tentacles         |     9 |     5 |     4 ||    18
       Punch             |     1 |       |       ||     1
       Dagger            |       |       |     9 ||     9
 Cast: Sandblast         |     5 |    19 |    24 ||    48
       Stone Arrow       |       |       |    20 ||    20
       Passwall          |       |       |     1 ||     1
  Use: Scroll            |       |     9 |    10 ||    19
       Potion            |       |       |     2 ||     2
 Stab: Sleeping          |    11 |     3 |       ||    14
Armor: Skin              |     1 |     1 |     3 ||     5
Dodge: Dodged            |    42 |    12 |    34 ||    88

Table legend: (Time is in decaauts)
 A = Elapsed time spent in this place.
 B = Non-inter-level travel time spent in this place.
 C = Inter-level travel time spent in this place.
 D = Time resting spent in this place.
 E = Time spent auto-exploring this place.
 F = Levels seen in this place.
 G = Mean time per level.
                   A        B        C        D        E       F      G
               +--------+--------+--------+--------+--------+-----+--------+
         Total |   5049 |   4918 |    131 |   1790 |   2185 |   6 |  841.5 |
       Dungeon |   5032 |   4901 |    131 |   1790 |   2185 |   5 | 1006.4 |
        Temple |     16 |     16 |      0 |      0 |      0 |   1 |   16.0 |
               +--------+--------+--------+--------+--------+-----+--------+

Top non-repeatable levels by time:
     D:4: 1215 daAuts
     D:5: 1191 daAuts
     D:3: 1098 daAuts
     D:1: 1041 daAuts
     D:2: 485 daAuts
  Temple: 16 daAuts
